[Event "Early-Titled-Tuesday-Blitz-September-26-2023"]
[Site "Chess.com"]
[Date "2023.09.26"]
[Round "2"]
[White "zajka-molotok"]
[Black "Roman_Ovetchkin"]
[Result "1-0"]
[WhiteElo "2545"]
[BlackElo "2701"]
[TimeControl "180+1"]
[EndTime "8:18:04 PDT"]
[Termination "zajka-molotok won on time"]

1. e4 c6 2. d4 d5 3. exd5 cxd5 4. Bd3 Nc6 5. c3 Qc7 6. h3 g6 7. Nf3 Bf5 8. Be2 Nf6 9. O-O Bg7 10. Re1 O-O 11.
Bf1 Ne4 12. Nbd2 Rad8 13. g4 Nxd2 14. Bxd2 Bc8 15. Qc1 e5 16. dxe5 Nxe5 17. Nxe5 Bxe5 18. Bg2 Rfe8 19. Bg5 f6 20. Be3 b6 21. Qd2 Be6 22.
Bd4 Bf7 23. Rad1 Qc4 24. a3 Bxd4 25. Rxe8+ Rxe8 26. Qxd4 Qxd4 27. Rxd4 Re1+ 28. Bf1 Rb1 29. b4 Rb3 30. c4 dxc4 31. Bxc4 Bxc4 32. Rxc4 Rxa3 33. Rc7 g5 34. Kg2 h6 35. Rb7 Kf8 36. f3 Ra2+ 37. Kg3 Ke8 38. h4 gxh4+ 39. Kxh4 Ra3 40. f4 Ra4 41. f5 Rxb4 42. Rxa7 Rd4 43. Rb7 Rb4 44. Kh5 Kf8 45. Kxh6 Rxg4 46. Rxb6 Kf7 47. Rb7+ Kf8 48. Rb6 1-0

[Event "Early-Titled-Tuesday-Blitz-September-26-2023"]
[Site "Chess.com"]
[Date "2023.09.26"]
[Round "2"]
[White "jaskol95"]
[Black "seopie"]
[Result "1/2-1/2"]
[WhiteElo "2610"]
[BlackElo "2834"]
[TimeControl "180+1"]
[EndTime "8:18:05 PDT"]
[Termination "Game drawn - insufficient material"]

1. d4 Nf6 2. Nc3 d5 3. Bf4 c5 4. e4 Nxe4 5. Nxe4 dxe4 6. dxc5 Qa5+ 7. c3 Qxc5 8. Qa4+ Nc6 9. Qxe4 g6 10. Nf3 Bg7 11.
Rd1 O-O 12. Be3 Qf5 13. Qa4 Qg4 14. Qxg4 Bxg4 15. Be2 Rad8 16. O-O b6 17. h3 Bc8 18. Rxd8 Rxd8 19. Rd1 Rxd1+ 20. Bxd1 Kf8 21. Kf1 Ke8 22. Ke1 Bd7 23. Kd2 Na5 24. Be2 Be6 25. b3 Nc6 26. Bb5 Bd7 27. Bd3 Ne5 28. Nxe5 Bxe5 29.
h4 Bd6 30. g3 f5 31. h5 e6 32.
Bg5 Kf7 33. Be2 e5 34. Bc4+ Be6 35. hxg6+ hxg6 36. Bxe6+ Kxe6 37. c4 Bc5 38. f3 e4 39.
fxe4 fxe4 40. Be3 Kf5 41. Bxc5 bxc5 42. Ke3 a5 43. a3 g5 44. g4+ Kxg4 45. Kxe4 Kh4 46.
b4 cxb4 47. axb4 axb4 48. c5 b3 49. Kd3 b2 50. Kc2 g4 51. c6 g3 52. c7 g2 53.
c8=Q g1=Q 54. Qh8+ Kg3 55. Qg7+ Kf2 56. Qxg1+ Kxg1 57.
Kxb2 1/2-1/2

[Event "Early-Titled-Tuesday-Blitz-September-26-2023"]
[Site "Chess.com"]
[Date "2023.09.26"]
[Round "2"]
[White "IPAchess"]
[Black "betta2004"]
[Result "0-1"]
[WhiteElo "2334"]
[BlackElo "2551"]
[TimeControl "180+1"]
[EndTime "8:18:05 PDT"]
[Termination "betta2004 won by resignation"]

1. d4 Nf6 2. c4 e5 3. dxe5 Ne4 4. e3 Nc6 5. Nf3 Qe7 6. a3 Nxe5 7. Nbd2 Nc5 8. Nxe5 Qxe5 9. Nf3 Qd6 10. Qxd6 Bxd6 11.
b4 Ne4 12. Bb2 O-O 13. Bd3 Re8 14. O-O Bf8 15. Rfd1 d6 16. Rac1 Bg4 17. Be2 Rad8 18. h3 Bh5 19. Bd4 b6 20. a4 c5 21. bxc5 dxc5 22.
Bb2 Be7 23. g4 Bg6 24. Ne5 Bf6 25. Rxd8 Rxd8 26. Rd1 Rxd1+ 27. Bxd1 Nd6 28. Nxg6 Bxb2 29. Ne7+ Kf8 30. Nc6 Nxc4 31. Nxa7 Ne5 32. Nc8 Nd7 33. Be2 Ke8 34. Nd6+ Kd8 35. Nxf7+ Ke7 36. Ng5 h6 37.
Nf3 Kd6 38. Bb5 Nf6 39. Kf1 Kd5 40. Ke2 c4 41. Nh4 Ne4 42. Nf5 Kc5 43. Be8 Bf6 44.
f3 Nc3+ 45. Kd2 Na2 46. Kc2 Nb4+ 47. Kd2 c3+ 48. Kc1 Kc4 49. Bf7+ Kd3 50. Nd6 Kxe3 51.
Nc4+ Ke2 52. Nxb6 Bg5+ 53. Kb1 c2+ 54. Kb2 c1=Q+ 55. Kb3 Qc2+ 0-1

[Event "Early-Titled-Tuesday-Blitz-September-26-2023"]
[Site "Chess.com"]
[Date "2023.09.26"]
[Round "2"]
[White "tandaleo"]
[Black "yoelpolanco"]
[Result "0-1"]
[WhiteElo "2504"]
[BlackElo "2329"]
[TimeControl "180+1"]
[EndTime "8:18:05 PDT"]
[Termination "yoelpolanco won on time"]

1. d4 Nf6 2. Nc3 d5 3. Bf4 c5 4. e3 a6 5. Nf3 Nc6 6. Be2 e6 7. O-O Bd6 8. Bxd6 Qxd6 9. dxc5 Qxc5 10. Nd2 O-O 11. Nb3 Qe7 12. Bf3 Rd8 13. Qe2 e5 14. e4 d4 15. Nd5 Nxd5 16. exd5 Nb4 17. Nxd4 Nxd5 18. Nb3 Nf4 19. Qe3 Bf5 20. g3 Nd5 21. Qe2 Nf6 22. Rad1 e4 23. Bg2 Qc7 24. Rxd8+ Rxd8 25. Rd1 Bg4 26. Rxd8+ Qxd8 27. Qd2 Qe7 28. Qd4 h5 29.
Nd2 Bf5 30. Nf1 Qd7 31. Qxd7 Nxd7 32. Ne3 Bg6 33. Bh3 Nb6 34. b3 Kf8 35. c4 Ke7 36. c5 Nd7 37. Bxd7 Kxd7 38. b4 Kc6 39. a3 Kb5 40. Kf1 Ka4 41. Nc4 f6 42. Ke2 Be8 43. Kd2 Bb5 44. Nd6 Bc6 45. Kc3 Kxa3 46. Nf5 g6 47. Ne7 g5 48. Ng8 f5 49. Ne7 f4 50.
Ng6 fxg3 51. hxg3 Ka4 0-1

[Event "Early-Titled-Tuesday-Blitz-September-26-2023"]
[Site "Chess.com"]
[Date "2023.09.26"]
[Round "2"]
[White "Manukyan_Artak"]
[Black "Boxerandchessplayer"]
[Result "0-1"]
[WhiteElo "2419"]
[BlackElo "2164"]
[TimeControl "180+1"]
[EndTime "8:18:06 PDT"]
[Termination "Boxerandchessplayer won on time"]

1. e4 e6 2. d4 d5 3. e5 c5 4. c3 Qb6 5. Nf3 Nc6 6. a3 c4 7. Nbd2 Na5 8. Rb1 Bd7 9. g3 f6 10. Bh3 O-O-O 11. O-O Kb8 12. Re1 f5 13. Nf1 h6 14. Bg2 Ne7 15. h4 g6 16. Be3 Nc8 17. N1h2 Qc7 18. Kh1 Nb6 19. Ng1 Ba4 20. Qe2 Bb3 21. Nh3 Re8 22. Nf4 Rg8 23. Nh3 Na4 24. Qd2 Qb6 25. Bxh6 Ba2 26. Bxf8 Rgxf8 27. Ra1 Nb3 28. Qh6 Nxa1 29. Rxa1 Qxb2 30. Rf1 Nxc3 31. Qxg6 Ne2 32. Ng5 c3 33. Nxe6 Rg8 34. Qf7 Qb6 35. Nc5 Ka8 36. Nf3 c2 37. Ng5 Qb1 38. Nge6 c1=Q 39.
Nc7+ Kb8 40. Nd7+ Kxc7 41. Nf8+ Kb8 0-1

[Event "Early-Titled-Tuesday-Blitz-September-26-2023"]
[Site "Chess.com"]
[Date "2023.09.26"]
[Round "2"]
[White "PeshkaCh"]
[Black "DefiantChair"]
[Result "1-0"]
[WhiteElo "2802"]
[BlackElo "2583"]
[TimeControl "180+1"]
[EndTime "8:18:07 PDT"]
[Termination "PeshkaCh won by resignation"]

1. Nf3 d5 2. d4 Nf6 3. c4 e6 4.
Nc3 Bb4 5. Bg5 dxc4 6. e3 b5 7.
a4 c6 8. axb5 cxb5 9. Nd2 Bxc3 10. bxc3 Bb7 11. Qb1 Qd7 12. Be2 Bxg2 13. Rg1 Bb7 14.
Bh4 Kf8 15. Qb4+ Ke8 16. Rxg7 Nd5 17. Qa3 Nc6 18. Ne4 b4 19. cxb4 Ncxb4 20. Nf6+ Nxf6 21.
Qxb4 Nd5 22. Qc5 Rc8 23. Qxa7 Qb5 24. Qa3 Nb4 25. Kf1 Nc6 26. Rc1 Nb4 27. Kg1 Kf8 28. Rg5 Rg8 29. Rxg8+ Kxg8 30. Rb1 Qd5 31. f3 Nc2 32.
Qc3 Ra8 33. Qxc2 Qh5 34. Bg3 Bc6 35. Kf2 Rc8 36. Rc1 Bd5 37. Qc3 Qg6 38. e4 Bb7 39.
Qe3 c3 40. Rxc3 Rd8 41. Rc7 Ba6 42. Bxa6 1-0

[Event "Early-Titled-Tuesday-Blitz-September-26-2023"]
[Site "Chess.com"]
[Date "2023.09.26"]
[Round "2"]
[White "AleksanderHnydiuk"]
[Black "ArtemDyachuk"]
[Result "1-0"]
[WhiteElo "2538"]
[BlackElo "2694"]
[TimeControl "180+1"]
[EndTime "8:18:09 PDT"]
[Termination "AleksanderHnydiuk won on time"]

1. e4 c5 2. Nf3 d6 3. d4 cxd4 4. Nxd4 Nf6 5. Nc3 Nc6 6. Bg5 Bd7 7. Qd2 a6 8. O-O-O e6 9. Kb1 Be7 10. h4 Qc7 11. f3 Nxd4 12. Qxd4 Rc8 13. Qd2 b5 14.
Bd3 b4 15. Ne2 a5 16. Nd4 Qb7 17. g4 g6 18. h5 e5 19. hxg6 fxg6 20. Nb3 a4 21.
Na5 Qc7 22. Nc4 O-O 23. Be3 Be6 24. b3 d5 25. Nb6 axb3 26. cxb3 Rcd8 27. g5 dxe4 28.
gxf6 Rxd3 29. fxe7 Qxe7 30. Qe2 Rxd1+ 31. Rxd1 exf3 32.
Qf2 Bf5+ 33. Ka1 e4 34. Bd4 Rd8 35. Rc1 e3 36. Qxe3 Qxe3 37. Bxe3 Rd3 38. Bc5 Rd2 39. Rf1 Bg4 40. Nc4 Re2 41. Bxb4 h5 42. Bc5 h4 43. Ne3 Bh5 44. Nd5 Kh7 45. Nf6+ 1-0

[Event "Early-Titled-Tuesday-Blitz-September-26-2023"]
[Site "Chess.com"]
[Date "2023.09.26"]
[Round "2"]
[White "ChainedDowntohell"]
[Black "drdaro"]
[Result "1-0"]
[WhiteElo "2487"]
[BlackElo "2272"]
[TimeControl "180+1"]
[EndTime "8:18:09 PDT"]
[Termination "ChainedDowntohell won by checkmate"]

1. d4 c5 2. d5 e5 3. c4 d6 4. Nc3 g6 5. e4 Bg7 6. Bd3 Ne7 7. g4 O-O 8. Bg5 f6 9. Bh4 g5 10. Bg3 Ng6 11. f3 Nf4 12. h4 a6 13. a4 Qa5 14. Kf1 Rf7 15. Be1 Qd8 16. Nge2 Nd7 17. Ng3 Nf8 18. Rh2 N8g6 19. h5 Ne7 20. Kg1 Bd7 21. Bf1 Rb8 22. Qc1 Nc8 23. Rb1 a5 24.
Kf2 Nb6 25. b3 Nc8 26. Ke3 b6 27. Kd2 h6 28. Kc2 Kh7 29. Kb2 Be8 30. Ka2 Bd7 31. Nd1 Ne7 32. Ne3 Rf8 33. Bc3 Re8 34. Qd2 Qc7 35.
Re1 Qd8 36. Bd3 Rf8 37. Bc2 Qe8 38. Nef5 Nxf5 39. exf5 Rf7 40. Ne4 Bf8 41. Bb1 Kg7 42.
Bc2 Qd8 43. Rhh1 Qc7 44. Re3 Rd8 45. Rhe1 Re7 46. Bb1 Ree8 47. Qb2 Rb8 48. Qf2 Rb7 49. Qb2 Reb8 50. Qf2 Ra8 51. Qb2 b5 52. cxb5 Bxb5 53. Nxf6 Kxf6 54. Rxe5 Kf7 55. Re6 Nxd5 56. Be4 Bxa4 57.
Bxd5 Bc6 58. Re7# 1-0

[Event "Early-Titled-Tuesday-Blitz-September-26-2023"]
[Site "Chess.com"]
[Date "2023.09.26"]
[Round "2"]
[White "KIEV-1"]
[Black "Truequitos"]
[Result "1/2-1/2"]
[WhiteElo "2195"]
[BlackElo "2439"]
[TimeControl "180+1"]
[EndTime "8:18:11 PDT"]
[Termination "Game drawn by repetition"]

1. e4 d5 2. exd5 Qxd5 3. Nc3 Qd6 4. d4 Nf6 5. Nf3 g6 6. Be3 Bg7 7. Qd2 O-O 8. h3 Rd8 9. O-O-O Nc6 10. Nb5 Qd7 11. Bc4 a6 12. Nc3 b5 13. Bb3 b4 14.
Na4 Nd5 15. Bh6 Bh8 16. Rhe1 e6 17.
Bg5 f6 18. Bf4 a5 19. Nc5 Qf7 20. Bxd5 Rxd5 21. Qe3 Nd8 22. g4 Bg7 23. g5 Bf8 24. gxf6 Bxc5 25. dxc5 Bb7 26. Bg5 Nc6 27. Qxe6 Qxe6 28.
Rxe6 Rad8 29. Rxd5 Rxd5 30. Bh6 Kf7 31. Re1 Kxf6 32.
Be3 Rf5 33. Nd4 Nxd4 34. Bxd4+ Kf7 35. b3 Rf3 36. Re3 Rf5 37. Kb2 g5 38. Rg3 Bf3 39. Be3 h6 40. a3 Ke6 41. axb4 axb4 42. c3 bxc3+ 43. Kxc3 Kd5 44. Rg1 h5 45. b4 Kc6 46.
Ra1 Be2 47. Ra2 Bb5 48. Ra8 g4 49. hxg4 hxg4 50. Rg8 Be2 51. Rg6+ Kb5 52. Rg5 Rf8 53. Rg7 Kc6 54. Rg6+ Kb5 55. Rg7 Kc6 56. Kd4 Rd8+ 57. Kc3 Rd3+ 58. Kc2 Ra3 59. Kb2 Ra8 60. Kc3 Ra3+ 61.
Kb2 Rd3 62. Kc2 Rd5 63. Kc3 Rd3+ 64. Kc2 1/2-1/2

[Event "Early-Titled-Tuesday-Blitz-September-26-2023"]
[Site "Chess.com"]
[Date "2023.09.26"]
[Round "2"]
[White "marcodobrikov"]
[Black "Krakozia"]
[Result "0-1"]
[WhiteElo "2635"]
[BlackElo "3025"]
[TimeControl "180+1"]
[EndTime "8:18:12 PDT"]
[Termination "Krakozia won by resignation"]

1. d4 Nf6 2. c4 e6 3. Nc3 Bb4 4.
Qc2 c5 5. e3 cxd4 6. exd4 Nc6 7. Nf3 d5 8. cxd5 Nxd5 9. Bd2 O-O 10. Bd3 Nf6 11. a3 Be7 12. Be3 h6 13. O-O b6 14.
Ne5 Bb7 15. Rad1 Rc8 16. Qe2 Bd6 17. Ba6 Bxa6 18. Qxa6 Bb8 19. Rfe1 Ne7 20. Bf4 Nfd5 21. Nxd5 Nxd5 22. Bg3 Rc2 23. Re2 Rxe2 24. Qxe2 Bxe5 25. Bxe5 Qg5 26. h3 Rc8 27. Rd3 Rc1+ 28. Kh2 Nf4 29. Bxf4 Qxf4+ 30. g3 Qf5 31. Rc3 Ra1 32. Qc2 Qxc2 33.
Rxc2 Rd1 34. Rc7 Rxd4 35. Rxa7 Rd2 36. Kg2 Rxb2 37. Rb7 g5 38. a4 Rb4 39. a5 bxa5 40. Ra7 Ra4 41. Kf3 Kg7 42. Ke3 Kg6 43. Kf3 h5 44. Ke3 Ra3+ 45. Ke4 g4 46. hxg4 hxg4 47.
Ke5 Ra2 48. Kf4 f5 49. Ke5 Re2+ 50. Kd4 Rxf2 51. Rxa5 Rf3 52. Ra6 Kf6 53. Ra8 Rxg3 54. Ra3 Rxa3 0-1

[Event "Early-Titled-Tuesday-Blitz-September-26-2023"]
[Site "Chess.com"]
[Date "2023.09.26"]
[Round "2"]
[White "javierfreilemartin"]
[Black "WPWPWP-2015"]
[Result "0-1"]
[WhiteElo "2303"]
[BlackElo "2512"]
[TimeControl "180+1"]
[EndTime "8:18:13 PDT"]
[Termination "WPWPWP-2015 won by checkmate"]

1. c4 Nf6 2. Nc3 e5 3. Nf3 Nc6 4. a3 a6 5. e3 d5 6. cxd5 Nxd5 7. Qc2 Be6 8. b4 Be7 9. Bb2 O-O 10. h4 Nxc3 11. Bxc3 f6 12. h5 Qd6 13. Bd3 f5 14. h6 g6 15. b5 e4 16. bxc6 exd3 17. Qb2 bxc6 18. Rc1 c5 19. Bh8 Rf7 20. Be5 Qb6 21.
Qc3 Rb8 22. Qxd3 c4 23. Qc3 Qb3 24. Nd4 Qxc3 25. dxc3 Bd5 26. f3 Bxa3 27. Ra1 Bb2 28.
Rxa6 Bxc3+ 29. Kf2 Re8 30. Bg7 c5 31. Nxf5 Bxg7 32. Nxg7 Rc8 33. e4 Bc6 34. Rc1 Bxe4 35.
Rxc4 Bd3 36. Rc3 Bxa6 37. g4 c4 38. Kg3 Re7 39. f4 Rd8 40. Rc1 c3 41. f5 Rd3+ 42. Kh4 gxf5 43. Nxf5 Re6 44. Rb1 Kf7 45. Rb8 c2 46.
Rh8 c1=Q 47. Rxh7+ Ke8 48. Rh8+ Kd7 49. h7 Qh1+ 50.
Kg5 Qc1+ 51. Kh4 Qe1+ 52. Kg5 Qd2+ 53. Kh4 Qh2+ 54. Kg5 Rh3 55. Rg8 Qd2+ 56. Ne3 Qxe3+ 57. Kf5 Rf3# 0-1

[Event "Early-Titled-Tuesday-Blitz-September-26-2023"]
[Site "Chess.com"]
[Date "2023.09.26"]
[Round "2"]
[White "banane_verte"]
[Black "fastestmindalive"]
[Result "0-1"]
[WhiteElo "2511"]
[BlackElo "2710"]
[TimeControl "180+1"]
[EndTime "8:18:15 PDT"]
[Termination "fastestmindalive won by resignation"]

1. e4 c5 2. Nf3 d6 3. d4 cxd4 4. Qxd4 Nc6 5. Bb5 Nf6 6. Bg5 Qa5+ 7. Nc3 Qxb5 8. Nxb5 Nxd4 9. Nfxd4 Nxe4 10. Be3 Kd7 11.
f3 Nf6 12. O-O-O a6 13. Nc3 Kc7 14. Rhe1 Bd7 15. Bg5 e6 16. Bh4 Rd8 17. a4 Be7 18.
a5 Rhe8 19. Nb3 h6 20. Bf2 Kb8 21. Bg3 e5 22. Nd2 Bc6 23. Nc4 Nh5 24. Bf2 Nf4 25.
Bb6 Rd7 26. g3 Ne6 27. Nd5 Bd8 28. Nce3 Bxd5 29. Nxd5 Bxb6 30. Nxb6 Rdd8 31. c3 f6 32. Rd2 Nc5 33. Kc2 e4 34. fxe4 Rxe4 35. Rxe4 Nxe4 36. Re2 f5 37. g4 g6 38. gxf5 gxf5 39. Nd5 Rg8 40.
Ne7 Rg5 41. Nxf5 Rxf5 42. Rxe4 Rf2+ 43. Kb3 Rxh2 44. Re7 Kc8 45. Rh7 Rh5 46. Ka4 Rh1 47. b4 h5 48. Kb3 h4 49. c4 h3 50. Kb2 h2 51. Rh8+ Kd7 52. Rh7+ Ke6 53. Rh6+ Kf5 54.
Rh5+ Kf4 55. Rh8 Ke3 56. Rh3+ Kd4 57. Rh4+ Kd3 58. b5 Ke3 59. Ka2 Kd2 60. Kb2 Kd3 61.
bxa6 bxa6 62. Ka2 Kc3 63. Rh3+ Kxc4 64. Rh4+ Kb5 65. Rh5+ Kb4 66. Kb2 d5 67. Ka2 d4 68.
Kb2 d3 69. Rh4+ Kxa5 70. Rh5+ Kb6 71. Rh6+ Kc5 72. Rh5+ Kd4 73. Rh4+ Ke5 74. Rh3 d2 0-1

[Event "Early-Titled-Tuesday-Blitz-September-26-2023"]
[Site "Chess.com"]
[Date "2023.09.26"]
[Round "2"]
[White "nicholas_ilic"]
[Black "Lady_Nika"]
[Result "0-1"]
[WhiteElo "2210"]
[BlackElo "2465"]
[TimeControl "180+1"]
[EndTime "8:18:17 PDT"]
[Termination "Lady_Nika won by checkmate"]

1. e4 c5 2. b3 e6 3. Bb2 d5 4. exd5 exd5 5. Nf3 Nf6 6. Be2 Be7 7. O-O O-O 8. d4 cxd4 9. Nxd4 Nc6 10. Bd3 Bg4 11. Qc1 Rc8 12. h3 Bh5 13. Nf5 Bg6 14. Nxe7+ Nxe7 15. Bxg6 Nxg6 16. Nd2 Rc6 17. Nf3 Ne4 18. Nd4 Ra6 19. Qe3 Qh4 20. Nf5 Qd8 21. Nxg7 Rc6 22. Nf5 f6 23. Rad1 Rxc2 24. Qh6 Rf7 25.
Bd4 Rxa2 26. Rc1 Qd7 27. Qf4 Ra6 28. Qf3 Rf8 29. Rfe1 Kh8 30. Rc2 Ne5 31. Qh5 Ng5 32. Rec1 Qxf5 33. Rc7 Ngf3+ 34. Qxf3 Nxf3+ 35. gxf3 Qxf3 36. R7c3 Rg8+ 37. Kf1 Qh1+ 38. Ke2 Re6+ 39. Kd2 Qe4 40. Rd3 Rg2 41. Be3 Qb4+ 42. Rcc3 Rc6 43. Kc2 Rxc3+ 44. Rxc3 d4 45. Rc8+ Kg7 46. Bf4 Rxf2+ 47. Kd3 Rxf4 48. Rc7+ Kg6 49. Rc8 Qxb3+ 50. Kd2 Qe3+ 51. Kc2 Rf2+ 52. Kd1 Qd2# 0-1

[Event "Early-Titled-Tuesday-Blitz-September-26-2023"]
[Site "Chess.com"]
[Date "2023.09.26"]
[Round "2"]
[White "sergoy"]
[Black "astralpulse"]
[Result "1/2-1/2"]
[WhiteElo "2917"]
[BlackElo "2623"]
[TimeControl "180+1"]
[EndTime "8:18:18 PDT"]
[Termination "Game drawn by repetition"]

1. d4 d5 2. c4 e6 3. Nf3 Nf6 4. Nc3 Be7 5. Bf4 c5 6. cxd5 Nxd5 7. Nxd5 exd5 8. e3 Nc6 9. Bd3 cxd4 10. exd4 Bb4+ 11. Bd2 Qe7+ 12. Be2 O-O 13. O-O Bg4 14.
Bg5 Qd6 15. Bh4 Rfe8 16. Bg3 Qh6 17. h3 Bh5 18. a3 Ba5 19. b4 Bb6 20. b5 Bxf3 21.
Bxf3 Nxd4 22. Bxd5 Rad8 23. Bc4 Ne2+ 24. Bxe2 Rxd1 25.
Bxd1 Qg5 26. Kh2 Qxb5 27. Bf3 Re7 28. a4 Qe8 29. Rfc1 h6 30. a5 Bd4 31. Rab1 b6 32. Bg4 Kh7 33. Rc8 Qa4 34. Rd1 g6 35. axb6 axb6 36. Bf3 Bg7 37. Rdd8 b5 38. Rb8 Qc4 39. Rdc8 Qd3 40. Rd8 Rd7 41. Rdc8 Bc3 42. Bc6 b4 43. Bxd7 Qxd7 44. Rd8 Qe6 45. h4 h5 46. Re8 Qf5 47. Rec8 Qd3 48. Rd8 Qc2 49. Rbc8 Qf5 50. Rb8 Qe6 51.
Rdc8 Qf6 52. Rc4 Qe6 53. Rcc8 Bg7 54. Rc5 Bc3 55. Rcc8 1/2-1/2

[Event "Early-Titled-Tuesday-Blitz-September-26-2023"]
[Site "Chess.com"]
[Date "2023.09.26"]
[Round "2"]
[White "KaydenTroffChess"]
[Black "HATilay"]
[Result "1-0"]
[WhiteElo "2754"]
[BlackElo "2560"]
[TimeControl "180+1"]
[EndTime "8:18:18 PDT"]
[Termination "KaydenTroffChess won by resignation"]

1. d4 Nf6 2. Nf3 d5 3. Bf4 c5 4. e3 Nc6 5. Nc3 Nh5 6. Be5 f6 7. Bg3 e6 8. Bh4 cxd4 9. Nxd4 g6 10. Be2 Ng7 11. O-O Be7 12. Bb5 Bd7 13. e4 e5 14. Nf3 d4 15. Nd5 O-O 16. c3 dxc3 17. bxc3 Be6 18. Qa4 Rc8 19. Rfd1 Qe8 20. Nxe5 Bxd5 21.
exd5 fxe5 22. Bxe7 Qxe7 23. dxc6 bxc6 24. Bxc6 Qc5 25.
Bd5+ Kh8 26. Qc2 Qxc3 27. Qxc3 Rxc3 28. Rac1 Rfc8 29. Rxc3 Rxc3 30. Bb3 Nf5 31. Rd8+ Kg7 32. g3 Nd4 33. Rd7+ Kf6 34. Bg8 h5 35. h4 Kf5 36.
Rxa7 e4 37. Ra5+ Kf6 38. Ra4 Nf3+ 39. Kg2 Ke5 40. Ra5+ Kf6 41. Bd5 Ne1+ 42. Kf1 Nf3 43.
Kg2 Ne1+ 44. Kh3 e3 45. fxe3 Rxe3 46. Ra6+ Kg7 47. Ra7+ Kf6 48. Rf7+ Ke5 49. Re7+ Kd4 50. Rxe3 Kxe3 51. a4 Kd4 52. Bf7 Nd3 53. Bxg6 1-0

[Event "Early-Titled-Tuesday-Blitz-September-26-2023"]
[Site "Chess.com"]
[Date "2023.09.26"]
[Round "2"]
[White "GKARU"]
[Black "hsd2016"]
[Result "1-0"]
[WhiteElo "2500"]
[BlackElo "2280"]
[TimeControl "180+1"]
[EndTime "8:18:20 PDT"]
[Termination "GKARU won by checkmate"]

1. d4 d5 2. Nf3 Nf6 3. c4 c6 4. Qc2 g6 5. Bf4 Bg7 6. e3 Na6 7. a3 Bf5 8. Qa4 Nc7 9. h3 O-O 10. Nbd2 Ne4 11. Rc1 Nxd2 12. Nxd2 dxc4 13. Qxc4 Nd5 14.
Bg3 Be6 15. Qc5 f5 16. Bh2 Kh8 17. Be2 b6 18. Qc2 Rc8 19. b4 c5 20. dxc5 bxc5 21. bxc5 Nc3 22. Nb3 Nxe2 23. Kxe2 Qd5 24. Nd2 Qxg2 25.
c6 Qd5 26. c7 Qb5+ 27. Qd3 Qb7 28. a4 a5 29. Qb5 Qg2 30. Qxa5 f4 31. Bxf4 Rxf4 32. exf4 Bd4 33. Rhf1 Bxh3 34. Qa6 Bg4+ 35. Ke1 Qd5 36. Qd3 Qe6+ 37. Qe4 Qf7 38. Qxd4+ e5 39.
fxe5 Qe6 40. Ne4 Bf5 41. Ng5 Qa2 42. e6+ Kg8 43. f3 Qa3 44. Qd2 Qxa4 45. Rf2 Qh4 46. Ke2 Re8 47. Qd7 Ra8 48. c8=Q+ Rxc8 49. Rxc8# 1-0

[Event "Early-Titled-Tuesday-Blitz-September-26-2023"]
[Site "Chess.com"]
[Date "2023.09.26"]
[Round "2"]
[White "profedechess93"]
[Black "mapleaff"]
[Result "1-0"]
[WhiteElo "2677"]
[BlackElo "2346"]
[TimeControl "180+1"]
[EndTime "8:18:22 PDT"]
[Termination "profedechess93 won by resignation"]

1. e4 e5 2. Nf3 Nc6 3. Bc4 Bc5 4. b4 Bxb4 5. c3 Ba5 6. d4 exd4 7. Qb3 Qe7 8. O-O Bb6 9. Ba3 d6 10. e5 Na5 11.
Qa4+ Bd7 12. Bb5 Bxb5 13. Qxb5+ Qd7 14. Qe2 O-O-O 15. exd6 cxd6 16. cxd4 Nf6 17. Nc3 Rhe8 18. Qd3 Kb8 19. Nb5 Ne4 20. Rfe1 f5 21. Rab1 Qc6 22. Rec1 Qd5 23. Nd2 Qxa2 24. Nxe4 fxe4 25. Qg3 Nc4 26. Ra1 Qe2 27. Bxd6+ Nxd6 28. Nxd6 Ka8 29. Nxe8 Rxe8 30. Qe5 Rf8 31. Qf4 Re8 32. Qe3 Qb2 33.
Rcb1 Qxd4 34. Qxd4 Bxd4 35. Ra4 Bc5 36. Rc4 b6 37. Re1 e3 38. fxe3 Rxe3 39. Rxe3 Bxe3+ 40. Kf1 Kb7 41. Ke2 Bc5 42. Rg4 a5 43. Rxg7+ Kc6 44. Kd3 a4 45. Rxh7 a3 46. Kc2 b5 47. Kb3 b4 48.
Rh4 Bd6 49. Rc4+ Kd5 50. h4 a2 51. Rc1 a1=Q 52. Rxa1 Be5 53. Rf1 Ke4 54. g4 Bg3 55. h5 1-0

[Event "Early-Titled-Tuesday-Blitz-September-26-2023"]
[Site "Chess.com"]
[Date "2023.09.26"]
[Round "2"]
[White "almaguerjm"]
[Black "cukin84"]
[Result "1-0"]
[WhiteElo "2468"]
[BlackElo "2218"]
[TimeControl "180+1"]
[EndTime "8:18:22 PDT"]
[Termination "almaguerjm won on time"]

1. e4 c6 2. d4 d5 3. e5 c5 4.
c3 Nc6 5. Nf3 Bg4 6. Be3 e6 7.
Nbd2 cxd4 8. cxd4 Qb6 9. Be2 Rc8 10. O-O Nge7 11. a3 Nf5 12. h3 Bxf3 13. Nxf3 Be7 14. b4 a6 15. Bd3 g6 16. g4 Nxe3 17. fxe3 O-O 18. g5 h6 19. gxh6 Kh7 20. Qd2 Kxh6 21. Kg2 Kg7 22. Rh1 Rh8 23. Rag1 Rh5 24. Kf2 Rch8 25. Qc2 Na7 26. Rg3 Qc6 27. Bxg6 fxg6 28. Qxg6+ Kf8 29. Rhg1 R5h7 30. Ng5 Bxg5 31. Rf3+ Ke7 32.
Rxg5 Qc3 33. Qf6+ Kd7 34. Rg7+ Kc6 35. Qxe6+ Kb5 36. Qxd5+ Ka4 37. Qd7+ Nb5 38. Rxh7 Qc2+ 39. Kg3 Rxh7 40. Qg4 Rh6 41. Rf6 Rh8 42. e6 Qd2 43. Qf4 Rg8+ 44. Kh4 Qe1+ 45. Qf2 Qb1 46. Rf5 Qe4+ 47.
Qf4 Qxe6 48. d5 Qg6 49. Rg5 Qh7+ 50. Kg3 Nc3 51. d6 Ne2+ 52. Kf3 Nxf4 53. Ra5+ Kb3 54. exf4 Qh5+ 55. Ke4 1-0

[Event "Early-Titled-Tuesday-Blitz-September-26-2023"]
[Site "Chess.com"]
[Date "2023.09.26"]
[Round "2"]
[White "rasmussvane"]
[Black "djano"]
[Result "1-0"]
[WhiteElo "2998"]
[BlackElo "2634"]
[TimeControl "180+1"]
[EndTime "8:18:25 PDT"]
[Termination "rasmussvane won by resignation"]

1. Nf3 d5 2. g3 g6 3. Bg2 Bg7 4. d4 Nf6 5. O-O O-O 6. c4 e6 7.
Nc3 b6 8. cxd5 exd5 9. Ne5 Bb7 10. Bg5 h6 11. Bxf6 Bxf6 12. f4 c6 13. e4 dxe4 14. Nxe4 Bg7 15. f5 gxf5 16. Rxf5 Bc8 17. Rf2 Be6 18.
Qd2 Qe7 19. Raf1 Rd8 20. Nf6+ Kh8 21. Bxc6 Nxc6 22. Nxc6 Qd6 23. Nxd8 Rxd8 24. Rf4 Bxf6 25. Rxf6 Qxd4+ 26. Qxd4 Rxd4 27. Rxh6+ Kg7 28. Rhf6 Bxa2 29. R6f4 Rd2 30. R4f2 Rd7 31. Ra1 Bc4 32. b4 a6 33.
h3 Bb5 34. Re1 Rd3 35. Kh2 Rb3 36. Re4 Rb1 37. Rg4+ Kf8 38. Rgf4 Bc6 39. Rxf7+ Ke8 40. g4 Rxb4 41. g5 Bd5 42. Rf8+ Ke7 43. g6 Rb1 44.
R8f6 Rh1+ 45. Kg3 Rg1+ 46. Kh4 Be4 47. Kh5 Rg3 48. h4 b5 49. Rf7+ Ke6 50. R2f6+ Ke5 51. Rxa6 Bf3+ 52. Kh6 Be4 53. Re7+ Kf4 54. g7 Bf5 55. h5 Rg4 56. Ra8 b4 57. g8=Q Rg5 1-0

[Event "Early-Titled-Tuesday-Blitz-September-26-2023"]
[Site "Chess.com"]
[Date "2023.09.26"]
[Round "2"]
[White "GianmarcoVaR"]
[Black "Me_ch_an"]
[Result "1-0"]
[WhiteElo "2615"]
[BlackElo "2359"]
[TimeControl "180+1"]
[EndTime "8:18:25 PDT"]
[Termination "GianmarcoVaR won on time"]

1. Nf3 d5 2. c4 dxc4 3. e3 e6 4. Bxc4 c5 5. O-O a6 6. Be2 Nf6 7. b3 Nc6 8. Bb2 Be7 9. d4 O-O 10. dxc5 Bxc5 11. Nbd2 Be7 12. Rc1 Bd7 13. Nc4 Nd5 14.
Qc2 Ncb4 15. Qb1 Rc8 16. Rfd1 b5 17. Nce5 Rxc1 18. Rxc1 Nf6 19. e4 Qa8 20. Nxd7 Nxd7 21. Nd4 Rc8 22. a3 Nc6 23. Nxc6 Rxc6 24. Rxc6 Qxc6 25. b4 Nb6 26. Qd3 Nc4 27. Bd4 e5 28. Ba7 h6 29. h3 Nd6 30. Bc5 Bf8 31. f3 Nb7 32. Bxf8 Kxf8 33. Qb3 Qb6+ 34. Kh2 Qd4 35. Qc2 Nd6 36. Qc6 Qd2 37. Qxa6 Qf4+ 38. Kh1 Qc1+ 39.
Kh2 Qf4+ 40. Kg1 Qe3+ 41. Kf1 Qc1+ 42. Kf2 Nc4 43. Qxb5 Qe3+ 44. Ke1 Qd2+ 45. Kf1 Ne3+ 46. Kf2 Nd1+ 47. Kg1 Qe3+ 48. Kh1 Nf2+ 49. Kh2 Qc1 50.
Qc5+ 1-0

[Event "Early-Titled-Tuesday-Blitz-September-26-2023"]
[Site "Chess.com"]
[Date "2023.09.26"]
[Round "2"]
[White "gueraumasague"]
[Black "Fore_Man"]
[Result "0-1"]
[WhiteElo "2475"]
[BlackElo "2292"]
[TimeControl "180+1"]
[EndTime "8:18:26 PDT"]
[Termination "Fore_Man won by resignation"]

1. e4 c5 2. Nc3 Nc6 3. Bb5 g6 4. Bxc6 dxc6 5. d3 Bg7 6. f4 e5 7.
Nf3 exf4 8. Bxf4 Nf6 9. O-O O-O 10. h3 c4 11. d4 Qb6 12. Bd6 Re8 13. e5 Nd5 14.
Nxd5 cxd5 15. Ng5 Bf5 16. Rxf5 gxf5 17. Qh5 Qxd4+ 18. Kh1 h6 19. Qxf7+ Kh8 20. Ne6 Rxe6 21. Qxe6 Qxb2 22. Rf1 Qxc2 23. Rxf5 Qd1+ 24. Kh2 c3 25. Rf7 Qh5 26. Rc7 Re8 27. Rc8 Rxc8 28. Qxc8+ Kh7 29. Qxc3 Qf5 30. Qd4 Qe6 31. a4 b6 32.
Kg3 Kg6 33. Kf4 Qf5+ 34. Ke3 h5 35. g4 hxg4 36. hxg4 Bh6+ 37. Ke2 Qe4+ 38. Qxe4+ dxe4 39. e6 Kf6 40. e7 Kf7 41. Kf2 Bg5 42. Ke2 Ke8 43. Bb8 a6 44. Bc7 b5 45. axb5 axb5 46. Bd6 Kd7 47. Bb4 Bxe7 48. Bd2 Ke6 49. Bc3 Kd5 50. Bb2 b4 51. Bc1 b3 52. Bb2 Bc5 53. g5 Bd4 54. g6 Bxb2 0-1